 Dungeon Crawl Stone Soup version 0.32-a0-791-gfc315c9ecd (webtiles) character file.

Game seed: 10490598938659542623

4840 cforsyth the Arsonist (level 10, -4/88 HPs)
             Began as a Mountain Dwarf Cinder Acolyte on Mar 20, 2024.
             Was a High Priest of Ignis.
             Slain by a yak (12 damage)
             ... on level 8 of the Dungeon.
             The game lasted 00:11:36 (10144 turns).

cforsyth the Arsonist (MDCA)                       Turns: 10144, Time: 00:11:36

Health: -4/88      AC: 20    Str: 21    XL:     10   Next: 25%
Magic:  18/18      EV:  7    Int: 15    God:    Ignis [*****.]
Gold:   325        SH:  5    Dex: 11    Spells: 18/20 levels left

rFire   + . .        a - -1 hand axe (flame)
rCold   . . .        (no shield)
rNeg    . . .        c - +0 chain mail
rPois   .            (no helmet)
rElec   .            v - +2 cloak
rCorr   .            A - +0 pair of gloves
SInv    .            s - +0 pair of boots
Will    +....        q - amulet of reflection Stlth
                     T - +4 ring of protection
HPRegen 0.34/turn    D - +6 ring of dexterity
MPRegen 0.16/turn

%: reflection
@: no status effects
A: runic magic, artefact enchanting
a: Renounce Religion, Fiery Armour, Foxfire Swarm, Rising Flame


You were on level 8 of the Dungeon.
You worshipped Ignis.
Ignis was extremely pleased with you.
You visited 1 branch of the dungeon, and saw 10 of its levels.

You collected 415 gold pieces.
You spent 90 gold pieces at shops.


Innate Abilities, Weirdness & Mutations

Your spellcasting is much less encumbered by armour.
You can use scrolls of enchantment on lesser artefacts.


   Skills:
 + Level 8.2 Fighting
 + Level 8.9 Axes
 + Level 7.2 Armour
 + Level 5.6 Spellcasting
 + Level 9.0 Fire Magic


You had 18 spell levels left.
You knew the following spells:

 Your Spells              Type           Power      Damage    Failure   Level
X - Scorch                Fire           62%        2d7       1%          2

Your spell library contained the following spells:

 Spells                   Type           Power      Damage    Failure   Level
 Foxfire                  Conj/Fire      68%        2x1d7     3%          1
 Volatile Blastmotes      Fire/Tloc      34%        2d12      12%         3
 Freeze                   Ice            16%        1d4       24%         1
 Summon Small Mammal      Summ           16%        N/A       24%         1
 Summon Blazeheart Golem  Fire/Summ      17%        N/A       36%         4
 Call Canine Familiar     Summ           4%         N/A       58%         3
 Frozen Ramparts          Ice            8%         1d2       58%         3
 Hailstorm                Conj/Ice       4%         3d5       58%         3
 Fulminant Prism          Conj/Alch      2%         3d5       94%         4
 Iskenderun's Mystic Bla  Conj/Tloc      4%         2d3       94%         4
 Plasma Beam              Fire/Air       8%         2x1d19    99%         6
 Starburst                Conj/Fire      8%         6d4       99%         6
 Chain Lightning          Conj/Air       2%         3d2       100%        9
 Fire Storm               Conj/Fire      8%         8d2       100%        9
 Shatter                  Erth           2%         3d6*      100%        9

Inventory:

Hand Weapons
 a - a -1 hand axe of flaming (weapon)
Missiles
 f - 2 throwing nets {=f}
Armour
 c - a +0 chain mail (worn)
 s - a +0 pair of boots (worn)
 v - a +2 cloak (worn)
 A - a +0 pair of gloves (worn)
Jewellery
 q - an amulet of reflection (around neck)
 D - a +6 ring of dexterity (right hand)
 T - a +4 ring of protection (left hand)
Wands
 p - a wand of quicksilver (2)
 t - a wand of roots (25)
 z - a wand of mindburst (14)
Scrolls
 b - a scroll of noise
 g - 5 scrolls of teleportation {unknown}
 k - 2 scrolls of vulnerability {unknown}
 n - 2 scrolls of silence {unknown}
 r - a scroll of torment {unknown}
 u - a scroll of blinking
 w - a scroll of revelation {unknown}
 x - 3 scrolls of fog {unknown}
 y - a scroll of fear {unknown}
 B - a scroll of identify {@r1}
Potions
 d - 2 potions of curing {@q1}
 e - 2 potions of lignification
 h - a potion of invisibility
 i - 3 potions of cancellation
 j - 2 potions of enlightenment
 l - a potion of magic
 m - 4 potions of haste {@q3}

Dungeon Overview and Level Annotations

Branches:
Dungeon (10/15)            Temple (0/1) D:5
   Lair: D:8-11         Orc: D:9-12

Altars:
Dithmenos
Elyvilon
Nemelex Xobeh
Qazlal
Ru
Sif Muna
Trog
Zin

Shops:
D:1 *[   D:4 !   D:5 *

Annotations:
D:10 Urug

#...........#.############
#.#########.#............# #.#
#.#.##########.#### #.# #.#.#
######....# ###.#########.#.#
#.......#.#
#.............#.#####.####.#..#
#.............#.##....###....##
#.............#.##.###.....###
#.............#Y@...#..###.#
.............>#.###.#.## #.#
..............†.# #.#.# #.#
.........▒....#####.#.####.#
........▒.▒.......#.#.#....#
##.....▒...▒..#####.#.######
##....▒.....▒.# #.#.##...#
#.....▒.~~~.▒.# #.#.#..#.#
#.#...▒~...~▒.#####.#...##.#


You could see a yak.


Message History

The yak is severely wounded.
You barely miss the yak. The yak gores you.
* * * LOW HITPOINT WARNING * * *
The yak closely misses you.
You hit the yak. You burn the yak.
The yak is severely wounded.
You hit the yak but do no damage. The yak barely misses you.
You block the yak's attack.
You hit the yak. You burn the yak.
The yak is almost dead.
You barely miss the yak. The yak gores you!
* * * LOW HITPOINT WARNING * * *
The yak gores you but does no damage.
You barely miss the yak.
The yak is almost dead.
You hit the yak. You burn the yak. You block the yak's attack.
You barely miss the yak.
The yak is heavily wounded.
You hit the yak but do no damage.
The yak gores you but does no damage. x2
Unknown command.
You slash the yak! You burn the yak.
You kill the yak!
You completely miss the yak.
Your Fire Magic skill increases to level 9!
Unknown command.
You barely miss the yak.
The yak is heavily wounded.
The yak gores you!
You die...
Ignis goes out, and joins you in death.

Skill      XL: |  1  2  3  4  5  6  7  8  9 10 |
---------------+-------------------------------+-----
Armour         | 1 2 3 4 5 7 |  7.2
Fire Magic     | 4 5 6 7 8 9 |  9.0
Axes           | 4 5 6 7 8 |  8.9
Fighting       | 4 5 6 7 8 |  8.2
Spellcasting   | 2 3 4 5 |  5.6

Action                     |  1- 3 |  4- 6 |  7- 9 | 10-12 || total
---------------------------+-------+-------+-------+-------++-------
  Melee: Hand axe          |   173 |    15 |   103 |    34 ||   325
  Throw: Throwing net      |     1 |       |       |       ||     1
   Cast: Scorch            |     4 |    44 |   148 |    14 ||   210
  Evoke: Wand              |       |       |     7 |       ||     7
    Use: Scroll            |     3 |     2 |     5 |       ||    10
         Potion            |       |       |       |     1 ||     1
 Armour: Chain mail        |   152 |    35 |   181 |    60 ||   428
         Robe              |     5 |       |       |       ||     5
  Dodge: Dodged            |    66 |    12 |    81 |    29 ||   188
  Block: Other             |       |     1 |    48 |    16 ||    65
         Reflection        |       |     1 |     1 |     2 ||     4

Levels and vault maps discovered:
D:1:      dpeg_arrival_tiny_e, layout_basic, serial_shops, shop,
          nicolae_shop_temple_entry_statues_fountains,
          shapermc_ecumenical_altar_pompeii
D:2:      layout_rooms, kennysheep_cluttered_room, kennysheep_generic_room_15
D:3:      layout_loops_ring, minmay_strange_pillars, uniq_sigmund
D:4:      layout_layer_cave, grunt_temple_overflow_octagram, serial_shops,
          nicolae_stop_n_shop_2, grunt_ministairs_9, uniq_crazy_yiuf_cottage
D:5:      layout_rooms, temple_pool_b, serial_shops, nicolae_shop_peninsula,
          uniq_blork_the_orc
D:6:      layout_loops_cross, dk_noncrumbling_4
D:7:      layout_gridville
D:8:      layout_basic, nicolae_ru_awakened_eye, serial_co_window_serial,
          co_window_of_opportunity_a, co_window_paths_b, co_window_paths_a,
          co_window_paths_b, co_window_corner_a, co_window_corner_a,
          co_window_paths_b, co_window_of_opportunity_b, co_window_corner_ca,
          co_window_broadway_c, co_window_corner_b, co_window_paths_d,
          serial_bayou_lagoon_a, minivault_26
D:9:      layout_cave_pools, kennysheep_decorative_pillar, uniq_erolcha
D:10:     layout_basic, hellmonk_lair_entry_icy, uniq_harold, uniq_josephine,
          uniq_nergalle, uniq_urug

Notes
Turn   | Place    | Note
-------+----------+-------------------------------------------
     0 | D:1      | cforsyth the Mountain Dwarf Cinder Acolyte began the quest
                  | for the Orb.
     0 | D:1      | Reached XP level 1. HP: 19/19 MP: 2/2
   215 | D:1      | Reached XP level 2. HP: 26/26 MP: 3/3
   268 | D:1      | Found Toh Pori's General Store.
   280 | D:1      | Bought a scroll of identify for 20 gold pieces
   308 | D:1      | Reached skill level 1 in Armour
   345 | D:1      | Found Papsypotu's Antique Armour Boutique.
   396 | D:1      | Reached skill level 4 in Fire Magic
   426 | D:1      | Reached XP level 3. HP: 31/31 MP: 5/5
   443 | D:1      | Found a faded altar of an unknown god.
   824 | D:2      | Reached skill level 4 in Axes
   972 | D:1      | Learned a level 2 spell: Scorch
  1494 | D:3      | Noticed Sigmund
  1553 | D:2      | Reached XP level 4. HP: 26/40 MP: 1/6
  1886 | D:3      | Killed Sigmund
  1887 | D:3      | Reached skill level 4 in Fighting
  1887 | D:3      | Reached skill level 2 in Armour
  1887 | D:3      | Reached skill level 2 in Spellcasting
  1887 | D:3      | Reached XP level 5. HP: 46/46 MP: 0/8
  1993 | D:3      | Reached XP level 6. HP: 53/53 MP: 2/9
  2731 | D:4      | Found Caurr's Distillery.
  2788 | D:4      | Bought a potion of heal wounds for 70 gold pieces
  2913 | D:3      | Reached skill level 5 in Fire Magic
  3117 | D:4      | Reached skill level 5 in Axes
  3117 | D:4      | Reached skill level 3 in Armour
  3278 | D:4      | Found a runed translucent door.
  3279 | D:4      | Noticed Crazy Yiuf
  3694 | D:4      | Reached XP level 7. HP: 60/60 MP: 8/11
  4268 | D:4      | Reached skill level 5 in Fighting
  4717 | D:4      | Found a shadowy altar of Dithmenos.
  4725 | D:4      | Found a white marble altar of Elyvilon.
  4730 | D:4      | Found a glowing silver altar of Zin.
  4737 | D:4      | Found a shimmering blue altar of Sif Muna.
  4742 | D:4      | Found a bloodstained altar of Trog.
  4749 | D:4      | Found a stormy altar of Qazlal.
  4755 | D:4      | Found a sparkling altar of Nemelex Xobeh.
  4820 | D:4      | Killed Crazy Yiuf
  4960 | D:5      | Entered Level 5 of the Dungeon
  5002 | D:5      | Reached skill level 3 in Spellcasting
  5260 | D:5      | Reached skill level 4 in Armour
  5260 | D:5      | Reached skill level 6 in Fire Magic
  5317 | D:5      | Found Cixtus's General Store.
  5351 | D:5      | Reached skill level 6 in Axes
  5526 | D:5      | Found a staircase to the Ecumenical Temple.
  5685 | D:5      | Noticed Blork the orc
  5698 | D:5      | Reached XP level 8. HP: 51/69 MP: 1/13
  5700 | D:5      | Killed Blork the orc
  6214 | D:6      | Reached skill level 6 in Fighting
  6764 | D:6      | Reached skill level 5 in Armour
  7019 | D:7      | Reached skill level 4 in Spellcasting
  7022 | D:7      | Reached skill level 7 in Fire Magic
  7207 | D:7      | Reached skill level 7 in Axes
  7595 | D:8      | Noticed a komodo dragon
  7601 | D:8      | Killed a komodo dragon
  7602 | D:8      | Reached XP level 9. HP: 60/78 MP: 10/15
  7856 | D:8      | Noticed a troll
  7863 | D:8      | Killed a troll
  7974 | D:8      | Reached skill level 7 in Fighting
  7982 | D:8      | Reached skill level 6 in Armour
  8168 | D:8      | Reached skill level 8 in Fire Magic
  8398 | D:8      | Reached skill level 8 in Axes
  8876 | D:8      | Found a sacrificial altar of Ru.
  9098 | D:8      | Reached skill level 5 in Spellcasting
  9619 | D:9      | Noticed Erolcha
  9640 | D:9      | Killed Erolcha
  9641 | D:9      | Reached skill level 7 in Armour
  9641 | D:9      | Reached XP level 10. HP: 37/88 MP: 16/18
  9645 | D:10     | Entered Level 10 of the Dungeon
  9793 | D:10     | Noticed Urug
  9800 | D:9      | Reached skill level 8 in Fighting
 10133 | D:8      | HP: 8/88 [yak (6)]
 10134 | D:8      | HP: 2/88 [yak (6)]
 10140 | D:8      | HP: 7/88 [yak (10)]
 10144 | D:8      | Reached skill level 9 in Fire Magic
 10144 | D:8      | Slain by a yak

Vanquished Creatures
  Erolcha (D:9)
  A komodo dragon (D:8)
  A troll (D:8)
  Sigmund (D:3)
  2 yaks (D:8)
  2 vampire mosquitoes (D:8)
  3 water moccasins
  An acid dragon (D:8)
  An orc warrior (D:9)
  2 black bears
  A wolf (D:9)
  2 centaurs (D:9)
  An ogre (D:6)
  2 phantoms
  Blork the orc (D:5)
  3 kobold brigands
  4 scorpions
  3 wights (D:9)
  12 killer bees
  2 bombardier beetles
  2 orc priests (D:8)
  Crazy Yiuf (D:4)
  7 hounds
  2 jellies (D:5)
  3 iguanas
  4 orc wizards
  2 adders
  A white imp (D:6)
  3 dart slugs
  3 ribbon worms (D:2)
  18 orcs
  3 bats
  11 endoplasms
  3 giant cockroaches
  9 goblins
  11 hobgoblins
  6 jackals
  19 kobolds
  3 quokkas
  5 ball pythons
  2 frilled lizards
  6 rats
170 creatures vanquished.

Table legend: (Time is in decaauts)
 A = Elapsed time spent in this place.
 B = Non-inter-level travel time spent in this place.
 C = Inter-level travel time spent in this place.
 D = Time resting spent in this place.
 E = Time spent auto-exploring this place.
 F = Levels seen in this place.
 G = Mean time per level.
                   A        B        C        D        E       F      G
               +--------+--------+--------+--------+--------+-----+--------+
         Total |  10168 |   9995 |    173 |   1559 |   7140 |  10 | 1016.8 |
       Dungeon |  10168 |   9995 |    173 |   1559 |   7140 |  10 | 1016.8 |
               +--------+--------+--------+--------+--------+-----+--------+

Top non-repeatable levels by time:
     D:4: 2040 daAuts
     D:8: 1637 daAuts
     D:3: 1110 daAuts
     D:6: 1101 daAuts
     D:2: 1016 daAuts
     D:5: 914 daAuts
     D:1: 839 daAuts
     D:9: 689 daAuts
     D:7: 668 daAuts
    D:10: 150 daAuts

Table legend:
 A = Non-vault XP
 B = Vault XP
 C = Vault XP percentage of total XP
 D = Non-vault monster count
 E = Vault monster count
 F = Vault count percentage of total count
                 A         B        C        D         E       F
            +---------+---------+-------+---------+---------+-------
      Total |    5585 |    1330 |  19.2 |     161 |       9 |   5.3
            +---------+---------+-------+---------+---------+-------
        D:1 |      43 |       0 |   0.0 |      23 |       0 |   0.0
        D:2 |      49 |       7 |  12.5 |      24 |       2 |   7.7
        D:3 |     139 |     210 |  60.2 |      11 |       1 |   8.3
        D:4 |     459 |      44 |   8.7 |      22 |       3 |  12.0
        D:5 |     477 |     100 |  17.3 |      12 |       1 |   7.7
        D:6 |     661 |       0 |   0.0 |       9 |       0 |   0.0
        D:7 |     351 |       0 |   0.0 |      15 |       0 |   0.0
        D:8 |    2299 |       0 |   0.0 |      24 |       0 |   0.0
        D:9 |    1107 |     969 |  46.7 |      21 |       2 |   8.7
            +---------+---------+-------+---------+---------+-------
